 Dungeon Crawl Stone Soup version 0.18-a0-1418-ga86aa8f (webtiles) character file.

447 Ijustatesigmund the Insei (level 7, 0/50 HPs)
             Began as an Octopode Monk on Feb 26, 2016.
             Slain by a gnoll
             ... wielding a +0 flail
              (7 damage)
             ... on level 4 of the Dungeon.
             The game lasted 00:11:57 (4520 turns).

Ijustatesigmund the Insei (Octopode Monk)           Turns: 4520, Time: 00:11:57

Health: 0/50       AC:  1    Str: 10    XL:     7   Next: 3%
Magic:  7/7        EV: 19    Int: 13    God:
Gold:   186        SH:  0    Dex: 21    Spells: 0 memorised, 6 levels left

rFire  . . .     SeeInvis .       - Unarmed
rCold  . . .     Gourm    .     (no shield)
rNeg   . . .     Faith    .     (helmet restricted)
rPois  .         Spirit   .     (no amulet)
rElec  .         Dismiss  .     s - ring of flight
rCorr  .         Reflect  .     r - ring of stealth
SustAt .         Harm     .     (no ring)
MR     .....                    (no ring)
Stlth  +++++++...               (no ring)
                                (no ring)
                                (no ring)
                                (no ring)

@: agile, lethally poisoned (0 -> -10), about to teleport, not resistant to
hostile enchantments, extremely stealthy
A: almost no armour, amphibious, 8 rings, constrict 8, camouflage 1, gelatinous
body 1
a: Evoke Flight


You were on level 4 of the Dungeon.
You were not hungry.

You visited 1 branch of the dungeon, and saw 4 of its levels.
You also visited: Sewer.

You collected 186 gold pieces.

Inventory:

Missiles
 c - 3 tomahawks (quivered)
 f - 2 curare-tipped needles
Jewellery
 r - a ring of stealth (right tentacle)
 s - a ring of flight (left tentacle)
Scrolls
 d - a scroll of magic mapping
 j - a scroll of immolation {unknown}
 t - a scroll of identify
Potions
 e - 2 potions of flight
 h - a potion of brilliance
 i - a potion of resistance
 n - a potion of invisibility {unknown}
 q - a potion of curing {unknown}
Comestibles
 a - 3 bread rations
 b - a beef jerky
 g - 2 meat rations
 l - 2 chunks of flesh
 m - 2 slices of pizza
 o - 2 fruits


   Skills:
 + Level 5.2 Fighting
 - Level 3.0 Dodging
 - Level 5.3 Stealth
 + Level 6.0 Unarmed Combat


You had 6 spell levels left.
You didn't know any spells.

Dungeon Overview and Level Annotations

Branches:
Dungeon (4/15)
 Temple: D:4-7

Altars:
Ashenzari
Elyvilon
Fedhas
Gozag
Kikubaaqudgha
Sif Muna
Yredelemnul


Innate Abilities, Weirdness & Mutations

You cannot wear most types of armour.
You are amphibious.
You can wear up to eight rings at the same time.
You can use your tentacles to constrict eight enemies at once.
Your skin changes colour to match your surroundings (Stealth).
Your rubbery body absorbs attacks (AC +1).


Message History

* * * LOW HITPOINT WARNING * * *
You feel sick.
* * * LOW HITPOINT WARNING * * *
You feel sick.
Drink which item? (? for menu, Esc to quit)
You feel agile all of a sudden.
* * * LOW HITPOINT WARNING * * *
You feel sick. The gnoll completely misses you. The gnoll closely misses you.
* * * LOW HITPOINT WARNING * * *
You feel sick.
* * * LOW HITPOINT WARNING * * *
You feel sick.
Drink which item? (? for menu, Esc to quit)
Okay, then.
Read which item? (? for menu, Esc to quit)
As you read the scroll of teleportation, it crumbles to dust.
You feel strangely unstable.
* * * LOW HITPOINT WARNING * * *
You feel sick. The gnoll hits you with a flail!
You die...

#.#. ...#.
#.#. ....
#.#.#..#
#...†..#
#.....#
#.....#
##..g##
##.g#
##@###
#...#
#...#
#...##
##...####.
#.......'.
##...####.
#..## #.##


You could see 2 gnolls.

Vanquished Creatures
  Purgy (Sewer)
  A hound (D:4)
  Crazy Yiuf (D:3)
  An orc wizard (D:4)
  Natasha (twice) (D:2)
  Robin (D:4)
  5 gnolls
  4 adders
  6 worms
  2 dart slugs (D:1)
  4 giant geckos
  11 orcs
  A ball python (D:4)
  6 giant cockroaches
  10 goblins
  8 hobgoblins
  6 kobolds
  A quokka (D:3)
  10 bats
  2 giant newts
  11 rats
94 creatures vanquished.

Notes
Turn   | Place    | Note
--------------------------------------------------------------
     0 | D:1      | Ijustatesigmund the Octopode Monk began the quest for the Orb.
     0 | D:1      | Reached XP level 1. HP: 16/16 MP: 1/1
    34 | D:1      | Reached XP level 2. HP: 5/21 MP: 2/2
   630 | D:1      | Reached XP level 3. HP: 26/26 MP: 3/3
   916 | D:2      | Found a white marble altar of Elyvilon.
  1014 | D:2      | Found an opulent altar of Gozag.
  1017 | D:2      | Found a deep blue altar of Sif Muna.
  1020 | D:2      | Found a shattered altar of Ashenzari.
  1145 | D:2      | HP: 1/26 [goblin/uncursed club (4)]
  1476 | D:2      | Found a blossoming altar of Fedhas.
  1478 | D:2      | Found an ancient bone altar of Kikubaaqudgha.
  1487 | D:2      | Noticed Natasha
  1501 | D:2      | Killed Natasha
  1501 | D:2      | Reached XP level 4. HP: 24/33 MP: 4/4
  1608 | D:2      | Noticed Natasha
  1615 | D:2      | Killed Natasha
  1719 | D:2      | Found a basalt altar of Yredelemnul.
  1937 | D:3      | Reached XP level 5. HP: 37/37 MP: 5/5
  1989 | D:3      | Found a glowing drain.
  1993 | Sewer    | Entered a sewer
  2080 | Sewer    | Reached skill level 5 in Unarmed Combat
  2085 | Sewer    | Noticed Purgy
  2094 | Sewer    | Killed Purgy
  2094 | Sewer    | Reached skill level 5 in Stealth
  2351 | Sewer    | Reached XP level 6. HP: 44/44 MP: 6/6
  3027 | D:3      | Noticed Crazy Yiuf
  3035 | D:3      | Killed Crazy Yiuf
  3662 | D:4      | Reached skill level 5 in Fighting
  3913 | D:4      | Noticed Robin
  3918 | D:4      | Killed Robin
  3935 | D:4      | HP: 2/45 [poisoned by a goblin]
  4329 | D:4      | Reached skill level 6 in Unarmed Combat
  4349 | D:4      | Reached XP level 7. HP: 50/50 MP: 7/7
  4520 | D:4      | Slain by a gnoll

Vault maps used:
D:1:      dpeg_arrival_pits, corexii_hall_statues_t
D:2:      grunt_temple_overflow_growth_and_decay, kennysheep_ying_yang,
          grunt_temple_overflow_diamond, first_bread, uniq_natasha
D:3:      gup_sewer_entry_spiral, uniq_crazy_yiuf_cottage
D:4:      uniq_robin
Sewer:    kennysheep_door_sewer

Skill      XL: |  1  2  3  4  5  6 |
---------------+-------------------+-----
Stealth        | 3 4 5 |  5.3
Fighting       | 4 5 |  5.2
Unarmed Combat | 5 6 |  6.0
Dodging        | |  3.0

Action                   |  1- 3 |  4- 6 |  7- 9 || total
-------------------------+-------+-------+-------++-------
Melee: Unarmed           |    68 |   138 |     8 ||   214
  Use: Scroll            |     6 |    10 |     1 ||    17
       Potion            |       |     1 |     1 ||     2
 Stab: Sleeping          |    10 |    14 |       ||    24
       Distracted        |       |     1 |       ||     1
  Eat: Chunk             |     1 |     5 |     1 ||     7
       Bread ration      |     1 |       |       ||     1
